 Dungeon Sprint DCSS version 0.31-a0-1074-g0b22e4e0f1 (webtiles) character file.

Game seed: 10186337719164614941

1052 tbh1313 the Bludgeoner (level 8, 0/87 HPs)
             Began as an Ogre Berserker on Nov 28, 2023.
             Was a Priest of Trog.
             Slain by a red devil
             ... wielding a +0 trident
             ... summoned by a kobold demonologist
              (10 damage)
             ... in the Dungeon (Sprint I: "Red Sonja").
             The game lasted 00:02:20 (563 turns).

tbh1313 the Bludgeoner (Ogre Berserker)              Turns: 563, Time: 00:02:20

Health: 0/87       AC:  3    Str: 24    XL:     8   Next: 26%
Magic:  8/8        EV: 10    Int:  8    God:    Trog [***...]
Gold:   405        SH:  0    Dex:  8    Spells: 7/7 levels left

rFire   . . .        a - +0 giant spiked club
rCold   . . .        (shield currently unavailable)
rNeg    . . .        b - +0 animal skin
rPois   .            (helmet restricted)
rElec   .            (no cloak)
rCorr   .            (gloves unavailable)
SInv    .            (boots unavailable)
Will    .....        (no amulet)
Stlth   +            (no ring)
HPRegen 0.34/turn    (no ring)
MPRegen 0.11/turn

%: no teleportation
@: spiked, on berserk cooldown, fragile, slowed, very slow
A: large, unfitting armour, tough skin 1
a: Renounce Religion, Berserk, Trog's Hand


You were in the Dungeon.
You worshipped Trog.
Trog was most pleased with you.
You visited 1 branch You collected 405 gold pieces.

Inventory:

Hand Weapons
 a - a +0 giant spiked club (weapon)
Armour
 b - a +0 animal skin (worn)
Wands
 i - a wand of flame (23)
Scrolls
 j - 3 scrolls of identify {unknown}
Potions
 c - a potion of curing
 d - a potion of heal wounds
 e - a potion of haste
 f - 2 potions of magic
 g - a potion of berserk rage


   Skills:
 - Level 7.0 Fighting
 + Level 15.1 Maces & Flails
 - Level 5.0 Dodging


You had 7 spell levels left.
You didn't know any spells.
Your spell library was empty.

Dungeon Overview and Level Annotations

Branches:
Dungeon (1/1)

Altars:
Cheibriados
Dithmenos
Elyvilon
Fedhas
Gozag
Hepliaklqana
Kikubaaqudgha
Makhleb
Nemelex Xobeh
Okawaru
Qazlal
Ru
Sif Muna
Trog
Uskayaw
Vehumet
Wu Jian
Xom
Yredelemnul
Zin
The Shining One
Jiyva
Lugonu

Shops:
D [


Innate Abilities, Weirdness & Mutations

You are too large for most types of armour.
You have tough skin. (AC +1)


Message History

You barely miss the rust devil.
The rust devil is moderately wounded.
You are no longer berserk.
You are exhausted.
You feel yourself slow down.
You feel very sick.
The kobold demonologist casts a spell.
The rust devil barely misses you.
Blink to where?
Press: ? - help, Dir - move target
As you read the scroll of blinking, it crumbles to dust.
You feel very sick.
Which direction?
You close the door.
Your skin stops crawling.
You feel less strong-willed.
You feel sick.
You feel sick.
A chaos spawn breaks down the door.
There is an open door here.
You feel sick.
You close the door.
You feel sick.
You feel better.
You start resting.
The red devil hits you from afar with a +0 trident.
Barbed spikes become lodged in your body.
The red devil hits you from afar with a +0 trident!
Barbed spikes become lodged in your body.
The kobold demonologist hits you with a +0 dagger.
The red devil hits you from afar with a +0 trident!
* * * LOW HITPOINT WARNING * * *
Barbed spikes become lodged in your body.
You sock the kobold demonologist!
The kobold demonologist is moderately wounded.
The kobold demonologist casts a spell.
The red devil closely misses you.
You hit the kobold demonologist.
The kobold demonologist is moderately wounded.
You are no longer corroded.
The kobold demonologist looks braver for a moment.
The red devil hits you from afar with a +0 trident!
You die...

##########################
#<.#..'..#.)'.4#__#K45.5.#
#..').#..').#..444'..#5§.#
#..#####'#####K#__#### 4.+
#..####..#...#@#### ##
#..#__####..##[#
#..#_____##'#_.+
#⌠⌠#_.∩...†..._#
####_..__##_.#'#
#_____###+#.# ####### ###


You could see an ice devil (summoned), a kobold demonologist and a red devil
(summoned).

Levels and vault maps discovered:
D:        dungeon_sprint_1 [red_sonja_temple_1, red_sonja_temple_small_1]

Notes
Turn   | Place    | Note
-------+----------+-------------------------------------------
     0 | D        | tbh1313 the Ogre Berserker began the quest for the Orb.
     0 | D        | Reached XP level 1. HP: 24/24 MP: 1/1
     1 | D        | Noticed Ijyb
     8 | D        | Killed Ijyb
     9 | D        | Reached skill level 5 in Maces & Flails
     9 | D        | Reached XP level 2. HP: 11/32 MP: 2/2
     9 | D        | Reached XP level 3. HP: 13/39 MP: 3/3
   115 | D        | Noticed an ogre
   119 | D        | Killed an ogre
   120 | D        | Reached skill level 8 in Maces & Flails
   120 | D        | Reached XP level 4. HP: 48/48 MP: 4/4
   163 | D        | Noticed Sigmund
   172 | D        | Killed Sigmund
   172 | D        | Reached ** piety under Trog
   173 | D        | Reached skill level 10 in Maces & Flails
   173 | D        | Reached XP level 5. HP: 62/62 MP: 5/5
   173 | D        | Reached XP level 6. HP: 71/71 MP: 6/6
   209 | D        | Found an ornate altar of the Wu Jian Council.
   209 | D        | Found a shimmering blue altar of Sif Muna.
   211 | D        | Found a radiant altar of Vehumet.
   214 | D        | Reached skill level 11 in Maces & Flails
   228 | D        | Found Viqu's Armour Emporium.
   228 | D        | Found an ancient bone altar of Kikubaaqudgha.
   228 | D        | Found a hazy altar of Hepliaklqana.
   228 | D        | Found a stormy altar of Qazlal.
   228 | D        | Found a hide-covered altar of Uskayaw.
   228 | D        | Found a blossoming altar of Fedhas.
   228 | D        | Found a bloodstained altar of Trog.
   228 | D        | Found an iron altar of Okawaru.
   228 | D        | Found a basalt altar of Yredelemnul.
   228 | D        | Found a glowing golden altar of the Shining One.
   228 | D        | Found a snail-covered altar of Cheibriados.
   228 | D        | Found a sacrificial altar of Ru.
   228 | D        | Found a glowing silver altar of Zin.
   228 | D        | Found a shadowy altar of Dithmenos.
   228 | D        | Found a white marble altar of Elyvilon.
   228 | D        | Noticed a yak
   235 | D        | Killed a yak
   236 | D        | Reached skill level 12 in Maces & Flails
   236 | D        | Reached skill level 5 in Dodging
   236 | D        | Reached XP level 7. HP: 35/78 MP: 7/7
   364 | D        | Found an opulent altar of Gozag.
   365 | D        | Found a sparkling altar of Nemelex Xobeh.
   402 | D        | Found a burning altar of Makhleb.
   402 | D        | Found a viscous altar of Jiyva.
   402 | D        | Found a shimmering altar of Xom.
   402 | D        | Found a corrupted altar of Lugonu.
   402 | D        | Noticed a slime creature
   409 | D        | Killed a slime creature
   410 | D        | Reached skill level 13 in Maces & Flails
   533 | D        | Noticed a kobold demonologist
   533 | D        | Noticed a glass eye
   533 | D        | Noticed a kobold demonologist
   538 | D        | Noticed a chaos spawn
   540 | D        | Noticed a rust devil
   547 | D        | Killed a glass eye
   547 | D        | Reached *** piety under Trog
   548 | D        | Reached skill level 14 in Maces & Flails
   550 | D        | Noticed a ynoxinul
   551 | D        | Killed a kobold demonologist
   552 | D        | Reached skill level 15 in Maces & Flails
   552 | D        | Reached XP level 8. HP: 87/87 MP: 8/8
   554 | D        | Noticed a red devil
   561 | D        | HP: 8/87 [red devil/+0 trident[a kobold demonologist] (19)]
   563 | D        | Noticed an ice devil
   563 | D        | Slain by a red devil

Table legend: (Time is in decaauts)
 A = Elapsed time spent in this place.
 B = Non-inter-level travel time spent in this place.
 C = Inter-level travel time spent in this place.
 D = Time resting spent in this place.
 E = Time spent auto-exploring this place.
 F = Levels seen in this place.
 G = Mean time per level.
                   A        B        C        D        E       F      G
               +--------+--------+--------+--------+--------+-----+--------+
         Total |    608 |    608 |      0 |    446 |      1 |   1 |  608.0 |
       Dungeon |    608 |    608 |      0 |    446 |      1 |   1 |  608.0 |
               +--------+--------+--------+--------+--------+-----+--------+

Top non-repeatable levels by time:
       D: 608 daAuts

Table legend:
 A = Kills in this place as a percentage of kills in the entire game.
 B = Kills by you in this place as a percentage of kills by you in the entire game.
 C = Kills by friends in this place as a percentage of kills by friends in the entire game.
 D = Other kills in this place as a percentage of other kills in the entire game.
 E = Experience gained in this place as a percentage of experience gained in the entire game.
 F = Experience gained in this place divided by the number of levels of this place that you have seen.
                   A       B       C       D       E      F
               +-------+-------+-------+-------+-------+----------------------
         Total | 100.0 | 100.0 |   N/A |   N/A | 100.0 | 1504.0
       Dungeon | 100.0 | 100.0 |   N/A |   N/A | 100.0 | 1504.0
               +-------+-------+-------+-------+-------+----------------------

Action                     |  1- 3 |  4- 6 |  7- 9 || total
---------------------------+-------+-------+-------++-------
  Melee: Mace              |     8 |     6 |       ||    14
         Giant spiked club |       |     8 |    24 ||    32
 Invoke: Berserk           |     2 |     1 |     2 ||     5
         Trog's Hand       |       |       |     1 ||     1
    Use: Scroll            |       |       |     1 ||     1
         Potion            |       |       |     1 ||     1
 Armour: Animal skin       |     4 |     9 |    14 ||    27
  Dodge: Dodged            |     2 |     1 |    10 ||    13

Vanquished Creatures
  A kobold demonologist (D)
  A glass eye (D)
  A slime creature (D)
  Sigmund (D)
  A yak (D)
  An ogre (D)
  A jelly (D)
  Ijyb (D)
8 creatures vanquished.
